 Dungeon Crawl Stone Soup version 0.28.0-43-g3370ac3207 (webtiles) character file.

Game seed: 17113729769652986072

9131 sking99 the Spear-Bearer (level 11, -1/80 HPs)
             Began as an Octopode Monk on Mar 17, 2022.
             Was an Initiate of Gozag.
             Slain by an anaconda simulacrum (9 damage)
             ... in an ice cave.
             The game lasted 00:22:07 (13633 turns).

sking99 the Spear-Bearer (Octopode Monk)           Turns: 13633, Time: 00:22:08

Health: -1/80      AC:  5    Str: 15    XL:     11   Next: 41%
Magic:  20/20      EV: 12    Int: 12    God:    Gozag
Gold:   992        SH: 10    Dex: 15    Spells: 10/10 levels left

rFire   x . .      SeeInvis .   C - +5 trident (freeze)
rCold   + + .      Faith    .   e - +0 buckler
rNeg    . . .      Spirit   .   (helmet restricted)
rPois   .          Reflect  +   p - amulet of reflection
rElec   .          Harm     .   h - ring of protection from fire
rCorr   .          Rampage  .   k - +4 ring of protection
Will    +....                   x - ring of willpower
Stlth   +++.......              d - ring of magical power
HPRegen 0.23/turn               l - ring of ice
MPRegen 0.17/turn               I - ring of ice
                                (no ring)
                                (no ring)

@: gold aura, constricted
A: almost no armour, amphibious, 8 rings, camouflage 1, gelatinous body 1,
(nimble swimmer 1), tentacles
a: Renounce Religion, Potion Petition, Call Merchant, Bribe Branch


You were in an ice cave.
You worshipped Gozag.
Gozag was pleased with you.
You visited 2 branches of the dungeon, and saw 11 of its levels.
You also visited: Ice Cave.

You collected 1307 gold pieces.
You paid 315 gold pieces to Gozag.

Inventory:

Hand Weapons
 C - a +5 trident of freezing (weapon)
Missiles
 n - a throwing net (quivered)
Armour
 e - a +0 buckler (worn)
Jewellery
 d - a ring of magical power (on tentacle)
 h - a ring of protection from fire (left tentacle)
 k - a +4 ring of protection (right tentacle)
 l - a ring of ice (on tentacle)
 p - an amulet of reflection (around mantle)
 x - a ring of willpower (on tentacle)
 I - a ring of ice (on tentacle)
Wands
 g - a wand of acid (1)
 v - a wand of paralysis (5)
 w - a wand of polymorph (3)
 y - a wand of digging (3)
 G - a wand of iceblast (3)
 H - a wand of charming (6)
Scrolls
 b - a scroll of immolation {unknown}
 c - 4 scrolls of amnesia
 o - a scroll of fog {unknown}
 q - a scroll of teleportation {unknown}
 s - a scroll of blinking {unknown}
 A - 2 scrolls of enchant armour {unknown}
 D - a scroll of fear {unknown}
 F - a scroll of magic mapping {unknown}
 J - 3 scrolls of noise {unknown}
Potions
 a - 2 potions of might
 f - 4 potions of brilliance
 i - 4 potions of curing
 j - a potion of invisibility
 m - a potion of flight
 r - a potion of haste
 t - 2 potions of ambrosia
 u - 2 potions of heal wounds
 z - a potion of magic
 B - a potion of cancellation
 E - a potion of berserk rage


   Skills:
 + Level 9.4 Fighting
 * Level 12.5 Polearms
 + Level 5.3 Dodging
 - Level 2.6 Stealth
 - Level 5.0 Shields
 + Level 6.3 Evocations


You had 10 spell levels left.
You didn't know any spells.
Your spell library contained the following spells:

 Spells                   Type           Power      Damage    Failure   Level
 Sandblast                Erth           0%         2d4       38%         1
 Passwall                 Tmut/Erth      0%         N/A       54%         2
 Call Canine Familiar     Summ           0%         N/A       77%         3
 Portal Projectile        Hex/Tloc       0%         N/A       77%         3
 Stone Arrow              Conj/Erth      0%         3d7       77%         3
 Leda's Liquefaction      Hex/Erth       0%         N/A       99%         4
 Blade Hands              Tmut           0%         N/A       100%        5
 Excruciating Wounds      Necr           0%         N/A       100%        5
 Lehudib's Crystal Spear  Conj/Erth      0%         10d2      100%        8
 Animate Armour           Summ/Erth      Unusable   N/A       N/A         4

Dungeon Overview and Level Annotations

Branches:
Dungeon (11/15)            Temple (1/1) D:7            Lair (0/6) D:8
  IceCv (1/1)
    Orc: D:9-12

Altars:
Ashenzari
Cheibriados
Dithmenos
Elyvilon
Fedhas
Gozag
Hepliaklqana
Kikubaaqudgha
Makhleb
Nemelex Xobeh
Okawaru
Qazlal
Ru
Sif Muna
Trog
Uskayaw
Vehumet
Wu Jian
Xom
Yredelemnul
Zin
The Shining One
Jiyva

Shops:
D:5 *

Annotations:
D:8 3 runed translucent doors, bmj180's ghost, novice DsNe


Innate Abilities, Weirdness & Mutations

You cannot wear most types of armour.
You are amphibious.
You can wear up to eight rings at the same time.
Your skin changes colour to match your surroundings (Stealth+).
Your rubbery body absorbs attacks. (AC +1, EV +1)
((You are camouflaged when in or above water. (Stealth+)))
You have tentacles for arms and can constrict up to eight enemies at once.


Message History

The anaconda simulacrum completely resists.
Your polar bear simulacrum claws the anaconda simulacrum.
Your polar bear simulacrum freezes the anaconda simulacrum.
The anaconda simulacrum completely resists.
Your polar bear simulacrum barely misses the anaconda simulacrum.
Aiming: Corrosive Bolt
Press: ? - help, Shift-Dir - straight line, f - ice devil, p - polar bear simulacrum
Aim: an ice devil (severely wounded, 74% to hit)
The bolt of acid hits the ice devil!
The ice devil is almost dead.
You hit the ice devil.
You kill the ice devil!
You block the anaconda simulacrum's attack. x2
The anaconda simulacrum grabs you.
The anaconda simulacrum barely misses you.
The anaconda simulacrum constricts you.
* * * LOW HITPOINT WARNING * * *
The anaconda simulacrum's grasp on you weakens, but your attempt to escape fails.
You block the anaconda simulacrum's attack.
The anaconda simulacrum constricts you.
* * * LOW HITPOINT WARNING * * *
Unknown command.
You barely miss the anaconda simulacrum.
The anaconda simulacrum is heavily damaged.
The anaconda simulacrum bites you but does no damage.
The anaconda simulacrum constricts you.
* * * LOW HITPOINT WARNING * * *
You puncture the anaconda simulacrum!
The anaconda simulacrum is severely damaged.
You block the anaconda simulacrum's attack.
The anaconda simulacrum constricts you.
* * * LOW HITPOINT WARNING * * *
You closely miss the anaconda simulacrum.
You squeeze the anaconda simulacrum!
The anaconda simulacrum is almost destroyed.
The anaconda simulacrum bites you.
* * * LOW HITPOINT WARNING * * *
The anaconda simulacrum freezes you! You resist.
You die...
Your body crumbles into a pile of gold.

#### .#.#### ####
......# #### ##..##
.....####..#####....##
......##....##.$.....#
......Z..#..Z..Z@∩.∩.#
........###..........#
......### ##..##....##
.....## ######..##
......# #### .....##
#..Z.# ##..## #...#


You could see an anaconda simulacrum (ally target) and a friendly polar bear
simulacrum (charmed).

Vanquished Creatures
  Fannar (D:11)
  A two-headed ogre (D:8)
  Pikel (D:6)
  An ugly thing (D:8)
  2 ice statues (IceCv)
  2 ice devils (IceCv)
  4 trolls
  2 wyverns
  2 shadows
  10 yaks
  2 basilisks (D:8)
  4 water moccasins
  A black bear (D:6)
  3 orc warriors (D:8)
  A sky beast (D:5)
  2 centaurs
  2 kobold brigands
  A lemure (D:6)
  A phantom (D:7)
  2 two-headed ogre simulacra (IceCv)
  2 bullfrogs
  2 gnoll sergeants
  5 wights (D:4)
  A bullfrog zombie (D:7)
  3 jellies
  4 hounds
  3 orc priests
  A gnoll shaman (D:5)
  A centaur skeleton (D:6)
  An iguana (D:6)
  5 orc wizards
  A troll simulacrum (IceCv)
  A spriggan simulacrum (IceCv)
  2 wolf simulacra (IceCv)
  A killer bee zombie (D:7)
  2 howler monkey zombies
  21 gnolls
  5 adders
  A howler monkey skeleton (D:6)
  15 white imps
  An ufetubus (IceCv)
  An adder skeleton (D:4)
  A dart slug (D:2)
  23 orcs
  3 bats
  6 endoplasms
  A giant cockroach (D:1)
  6 hobgoblins
  3 jackals (D:1)
  5 quokkas
  11 ball pythons
  4 frilled lizards
  11 goblins
  15 kobolds
  7 rats
220 creatures vanquished.

Vanquished Creatures (others)
  A kobold (D:8)
  2 fungi (D:8)
  14 plants (D:8)
17 creatures vanquished.

Grand Total: 237 creatures vanquished

Notes
Turn   | Place    | Note
-------+----------+-------------------------------------------
     0 | D:1      | sking99 the Octopode Monk began the quest for the Orb.
     0 | D:1      | Reached XP level 1. HP: 16/16 MP: 1/1
   164 | D:1      | Reached XP level 2. HP: 21/21 MP: 2/2
   717 | D:1      | Reached XP level 3. HP: 26/26 MP: 3/3
  1358 | D:2      | Reached XP level 4. HP: 31/31 MP: 4/4
  1789 | D:3      | Reached skill level 1 in Shields
  2010 | D:3      | Reached skill level 4 in Polearms
  2310 | D:3      | Reached XP level 5. HP: 37/37 MP: 5/5
  3671 | D:4      | Reached XP level 6. HP: 43/43 MP: 6/6
  3683 | D:4      | Reached skill level 5 in Polearms
  3980 | D:4      | Reached XP level 7. HP: 45/49 MP: 7/7
  4673 | D:5      | Entered Level 5 of the Dungeon
  5396 | D:5      | Found Gozag's Platinum Reserve.
  5399 | D:5      | Found an opulent altar of Gozag.
  5802 | D:5      | Reached skill level 6 in Polearms
  5877 | D:5      | Reached skill level 5 in Fighting
  5877 | D:5      | Reached XP level 8. HP: 26/55 MP: 8/8
  6491 | D:5      | Became a worshipper of Gozag Ym Sagoz the Greedy
  6583 | D:6      | Noticed a yak
  6583 | D:6      | Noticed a yak
  6584 | D:6      | Noticed a yak
  6604 | D:6      | Noticed Pikel
  6608 | D:6      | Reached skill level 1 in Evocations
  6623 | D:6      | Killed Pikel
  6624 | D:6      | Reached skill level 7 in Polearms
  6896 | D:6      | Noticed a yak
  6910 | D:6      | Killed a yak
  6911 | D:6      | Reached XP level 9. HP: 52/62 MP: 9/9
  7056 | D:5      | Reached skill level 8 in Polearms
  7265 | D:6      | Reached skill level 5 in Shields
  8634 | D:7      | Found a staircase to the Ecumenical Temple.
  8725 | D:8      | Noticed a two-headed ogre
  8737 | D:7      | Reached skill level 9 in Polearms
  8765 | Temple   | Entered the Ecumenical Temple
  9307 | D:7      | Reached skill level 5 in Evocations
  9785 | D:7      | Reached XP level 10. HP: 48/71 MP: 10/10
 10145 | D:8      | Reached skill level 10 in Polearms
 10202 | D:8      | Killed a two-headed ogre
 10455 | D:8      | Found a runed translucent gate.
 10455 | D:8      | Found a runed translucent gate.
 10458 | D:8      | Found a runed translucent gate.
 10459 | D:8      | Noticed bmj180's ghost (novice DsNe)
 10467 | D:8      | Found a viscous altar of Jiyva.
 10496 | D:8      | Noticed a purple ugly thing
 10505 | D:8      | Killed a purple ugly thing
 10506 | D:8      | Reached skill level 11 in Polearms
 10566 | D:8      | Found a staircase to the Lair.
 11681 | D:9      | Reached XP level 11. HP: 20/78 MP: 11/11
 11959 | D:9      | Found a shimmering altar of Xom.
 11961 | D:9      | Found a shimmering altar of Xom.
 11963 | D:9      | Found a shimmering altar of Xom.
 11987 | D:9      | You fall into a shaft and drop 2 floors!
 12090 | D:11     | Reached skill level 12 in Polearms
 12223 | D:11     | Noticed Fannar
 12238 | D:11     | Killed Fannar
 12418 | D:11     | Noticed a cyclops
 12450 | D:11     | Reached skill level 5 in Dodging
 12545 | D:11     | Found a frozen archway.
 12594 | IceCv    | Entered an ice cave
 13633 | IceCv    | Slain by an anaconda simulacrum

Illustrated notes

Levels and vault maps discovered:
D:1:      minmay_arrival_diagonal_passages, layout_loops_ring,
          minmay_misc_feat_alley
D:2:      layout_loops_ring, kennysheep_generic_room_13
D:3:      layout_basic, moated_statue, minmay_misc_feat_roman
D:4:      layout_basic, grunt_decor_resistance, nicolae_figureground_sparkle
D:5:      layout_basic, nicolae_gozag_zags_fifth_avenue, corexii_corridor_pit
D:6:      layout_basic, lemuel_flamethrower_1, uniq_pikel
D:7:      layout_basic, lemuel_temple_firewalk_b, kennysheep_path_1,
          hex_intersection
D:8:      layout_cave_pools, minmay_lair_entry_grove, gammafunk_ghost_ooze
D:9:      layout_rooms, xom_shifter_show, gammafunk_ghost_split,
          hangedman_minor_gate_pass
D:11:     layout_basic, portal_ice_cave_entry_imps, minmay_misc_feat_ornament,
          uniq_fannar
Temple:   mainiacjoe_temple_cubbyholes
IceCv:    ice_cave_small_demon

Skill      XL: |  1  2  3  4  5  6  7  8  9 10 11 |
---------------+----------------------------------+-----
Shields        | 1 2 3 4 5 |  5.0
Polearms       | 4 5 6 7 9 11 12 | 12.5
Fighting       | 4 5 7 8 9 |  9.4
Dodging        | 4 5 |  5.3
Evocations     | 3 5 6 |  6.3
Stealth        | |  2.6

Action                   |  1- 3 |  4- 6 |  7- 9 | 10-12 || total
-------------------------+-------+-------+-------+-------++-------
Melee: Spear             |    81 |    55 |       |       ||   136
       Tentacles         |    12 |    13 |    64 |    71 ||   160
       Constrict         |    15 |    23 |    42 |    31 ||   111
       Trident           |       |    47 |   255 |   302 ||   604
       Punch             |       |       |     5 |     6 ||    11
Invok: Potion Petition   |       |       |       |     1 ||     1
Evoke: Wand              |     1 |     2 |       |     8 ||    11
  Use: Scroll            |       |     8 |       |     6 ||    14
       Potion            |       |       |       |     1 ||     1
 Stab: Sleeping          |    18 |    12 |     6 |     4 ||    40
       Distracted        |       |       |     1 |     2 ||     3
       Paralysed         |       |       |       |     4 ||     4
Armor: Skin              |     2 |     5 |    30 |    28 ||    65
Dodge: Dodged            |    20 |    38 |   134 |   108 ||   300
Block: Buckler           |     1 |     8 |    91 |   101 ||   201
       Reflection        |       |       |     3 |     8 ||    11
